 Dungeon Crawl Stone Soup version 0.13-a0-2590-g8c14591 (webtiles) character file.

138 Kae the Firebug (level 3, -4/19 HPs)
             Began as a Tengu Fire Elementalist on Aug 3, 2013.
             Slain by a worm (5 damage)
             ... on Level 2 of the Dungeon.
             The game lasted 00:02:42 (995 turns).

Kae the Firebug (Tengu Fire Elementalist)            Turns: 995, Time: 00:02:43

HP  -4/19        AC  4     Str  8      XL: 3   Next: 43%
MP   3/7         EV 12     Int 16      God:
Gold 100         SH  0     Dex 14      Spells:  1 memorised,  4 levels left

Res.Fire  : . . .   See Invis. : .   (no weapon)
Res.Cold  : . . .   Warding    : .   a - +0 robe
Life Prot.: . . .   Conserve   : .   (no shield)
Res.Poison: .       Res.Corr.  : .   (helmet restricted)
Res.Elec. : .       Clarity    : .   d - +1 cloak
Sust.Abil.: . .     Spirit.Shd : .   (no gloves)
Res.Mut.  : .       Stasis     : .   (boots unavailable)
Res.Rott. : .       Flight     : .   (no amulet)
Saprovore : . . .                    (no ring)
                                     (no ring)

@: very slightly contaminated, not resistant to hostile enchantments, fairly
stealthy
A: beak, talons 3
a: no special abilities


You were on level 2 of the Dungeon.
You were not hungry.

You visited 1 branch of the dungeon, and saw 2 of its levels.

You collected 80 gold pieces.

Inventory:

Armour
 a - a +0 robe (worn)
 d - a +1 cloak (worn)
Comestibles
 c - 2 bread rations
 i - a meat ration
Scrolls
 e - a scroll of teleportation {unknown}
 h - 3 scrolls of identify {unknown}
 j - a scroll of random uselessness {unknown}
 k - a scroll of fog {unknown}
 l - a scroll of remove curse {unknown}
 m - 2 scrolls of blinking {unknown}
 n - a scroll of recharging {unknown}
 o - a scroll of enchant weapon I {unknown}
Jewellery
 q - an uncursed ring of positive energy {unknown}
Potions
 f - a potion of mutation {unknown}
 g - a potion of brilliance {unknown}
 p - a potion of resistance {unknown}
Books
 b - a book of Flames

   Spells                             Type                      Level
   *Flame Tongue                      Conjuration/Fire             1
   Throw Flame                        Conjuration/Fire             2
   Conjure Flame                      Conjuration/Fire             3
   Inner Flame                        Hexes/Fire                   3
   Sticky Flame                       Conjuration/Fire             4
   Fireball                           Conjuration/Fire             5


   Skills:
 - Level 2.1 Dodging
 - Level 2.0 Stealth
 + Level 1.9 Spellcasting
 * Level 2.8 Conjurations
 + Level 3.7 Fire Magic


You had 4 spell levels left.
You knew the following spells:

 Your Spells              Type           Power        Failure   Level  Hunger
a - Flame Tongue          Conj/Fire      ##...        8%          1    #......


Dungeon Overview and Level Annotations

Branches:
Dungeon (2/27)

Altars:


Innate Abilities, Weirdness & Mutations

You have a beak for a mouth.
You have claws for feet.


Message History

Press: ? - help, Shift-Dir - straight line, f/p - worm
Aim: a worm You miscast Flame Tongue.
You are very lightly contaminated with residual magic.
Nothing appears to happen.
The worm bites you!
* * * LOW HITPOINT WARNING * * *
Casting: Flame Tongue
Confirm with . or Enter, or press ? or * to list all spells.
Aiming: Flame Tongue
Press: ? - help, Shift-Dir - straight line, f/p - worm
Aim: a worm The flame hits the worm.
The worm is moderately wounded.
Casting: Flame Tongue
Confirm with . or Enter, or press ? or * to list all spells.
Aiming: Flame Tongue
Press: ? - help, Shift-Dir - straight line, f/p - worm
Aim: a worm (moderately wounded)
You miscast Flame Tongue.
Nothing appears to happen.
The worm bites you.
You die...

#.# # #..... #.#
#.##.# #.# #.##.#
#.# #.##.[ #.#
#.#### #.# #.# #
#########.#######
#.####
............>......
...... #...@w$......
..... #.##.#######+#
###. #.##.# #.# #.
#.#..# #####.#####
#. #....#
#...'.'...# #.
##.#.# #.###.###.#
#. #.#.# #.# #.# #.#
#.
#...###'###.###'###.
###.'.............+.


You could see a worm.

Vanquished Creatures
  An adder (D:2)
  3 giant geckos
  2 ball pythons (D:1)
  3 giant cockroaches
  2 goblins (D:1)
  2 hobgoblins
  3 bats (D:1)
  2 giant newts (D:1)
  A kobold (D:1)
  10 rats (D:1)
29 creatures vanquished.

Notes
Turn   | Place    | Note
--------------------------------------------------------------
     0 | D:1      | Kae, the Tengu Fire Elementalist, began the quest for the Orb.
     0 | D:1      | Reached XP level 1. HP: 10/10 MP: 3/3
   283 | D:1      | Reached XP level 2. HP: 15/15 MP: 0/5
   718 | D:1      | Reached XP level 3. HP: 19/19 MP: 1/7
   995 | D:2      | Slain by a worm

Action                   || total
-------------------------++-------
Melee: Unarmed           ||    45
 Cast: Flame Tongue      ||    35
 Stab: Sleeping          ||     1
